 Dungeon Crawl Stone Soup version 0.31-a0-859-g9dce7d3444 (webtiles) character file.

Game seed: 17416748658477147550

310 Flugkiller the Chopper (level 6, -5/79 HPs)
             Began as a Draconian Berserker on Oct 10, 2023.
             Was a Believer of Trog.
             Splashed by a jelly's acid (9 damage)
             ... on level 4 of the Dungeon.
             The game lasted 00:01:36 (2759 turns).

Flugkiller the Chopper (Draconian Berserker)        Turns: 2759, Time: 00:01:37

Health: -5/79      AC: -6    Str: 20    XL:     6   Next: 17%
Magic:  6/6        EV: 13    Int:  7    God:    Trog [**....]
Gold:   129        SH:  0    Dex: 12    Spells: 5/5 levels left

rFire   . . .        i - +0 war axe
rCold   . . .        (no shield)
rNeg    . . .        (body armour unavailable)
rPois   .            (helmet restricted)
rElec   .            (no cloak)
rCorr   .            (no gloves)
SInv    .            (no boots)
Will    .....        (no amulet) Stlth
                     (no ring)
HPRegen 0.33/turn    (no ring)
MPRegen 0.10/turn

%: no passive effects
@: berserking, corroded, very quick
A: AC +6, unfitting armour, cold-blooded
a: Renounce Religion, Berserk, Trog's Hand


You were on level 4 of the Dungeon.
You worshipped Trog.
Trog was pleased with you.
You visited 1 branch of the dungeon, and saw 4 of its levels.

You collected 129 gold pieces.

Inventory:

Hand Weapons
 b - a +0 battleaxe
   (You found it on level 1 of the Dungeon)
 i - a +0 war axe (weapon)
   (You took it off a goblin on level 3 of the Dungeon)
Scrolls
 e - a scroll of teleportation {unknown}
 h - a scroll of noise {unknown}
Potions
 a - a potion of lignification {unknown}
 c - a potion of mutation {unknown}
 d - a potion of might {unknown}
 f - a potion of resistance {unknown}
 q - a potion of curing


   Skills:
 + Level 4.7 Fighting
 * Level 5.4 Axes
 + Level 3.8 Dodging


You had 5 spell levels left.
You didn't know any spells.
Your spell library was empty.

Dungeon Overview and Level Annotations

Branches:
Dungeon (4/15) Zot: 21195
 Temple: D:4-7

Altars:

Shops:
D:1 [

Annotations:
D:4 2 transporters, Xavier147's ghost, amateur KoEn


Innate Abilities, Weirdness & Mutations

Your plain brown scales are hard. (AC +6)
You cannot fit into any form of body armour.
You are cold-blooded and may be slowed by cold attacks.


Message History

The hound is almost dead.
The hound barely misses you. The hound bites you.
You barely miss the hound.
The hound is almost dead.
The hound closely misses you. The hound bites you but does no damage.
You hit the hound.
You kill the hound!
Trog accepts your kill.
You have reached level 6!
Your scales feel tougher.
You open the door.
There is an open door here.
There is an open door here.
You open the door.
There is an open door here.
A goblin comes into view. It is wielding a +0 dagger.
Found 13 gold pieces.
A goblin is nearby!
A goblin is nearby!
A goblin is nearby!
The goblin barely misses you.
You slash the goblin!
You kill the goblin!
Trog accepts your kill.
No target in view!
No target in view!
No target in view!
No target in view!
No target in view!
No target in view!
You now have 116 gold pieces (gained 11).
You now have 129 gold pieces (gained 13).
A quokka comes into view.
A quokka is nearby!
A quokka is nearby!
A quokka is nearby!
The helpless quokka fails to defend itself.
You hit the quokka.
You kill the quokka!
Trog accepts your kill.
No target in view!
No target in view!
No target in view!
You see here a quokka corpse.
Found a stone staircase leading up.
No target in view!
A jelly and a hound come into view.
The jelly quivers.
The hound barks!
There are monsters nearby!
You hit the hound.
The hound is moderately wounded.
The hound completely misses you. The hound barely misses you.
You hit the hound.
Your tail-slap misses the hound.
The hound is moderately wounded.
You hit the jelly but do no damage.
Your hands burn!
The hound closely misses you. The jelly closely misses you.
The hound closely misses you. The jelly barely misses you.
You miss the hound.
The hound is moderately wounded.
You hit the jelly.
Your hands burn!
The hound bites you but does no damage. The jelly hits you but does no damage.
The hound bites you but does no damage.
You barely miss the hound.
The hound is moderately wounded.
You hit the jelly but do no damage. The acid corrodes you!
Your hands burn!
The hound closely misses you. The jelly closely misses you.
The hound bites you.
You slash the hound!
The hound is severely wounded.
You barely miss the jelly. The hound misses you. The jelly hits you.
The acid corrodes you!
You are splashed with acid!
The hound barely misses you.
You closely miss the hound.
The hound is severely wounded.
You hit the jelly.
Your hands burn!
The jelly barely misses you. The hound barely misses you. The jelly misses you.
The hound bites you.
You are too injured to fight recklessly!
You are too injured to fight recklessly!
A red film seems to cover your vision as you go berserk!
You feel yourself moving faster!
You feel mighty! The hound bites you. x2
You closely miss the hound.
The hound is severely wounded.
The hound bites you.
You slash the hound!
You feel the power of Trog in you as your rage grows.
You kill the hound!
Trog accepts your kill.
You hit the jelly. The acid corrodes you!
Your hands burn!
* * * LOW HITPOINT WARNING * * *
The jelly is severely wounded.
The jelly hits you.
* * * LOW HITPOINT WARNING * * *
The acid corrodes you!
You are splashed with acid!
* * * LOW HITPOINT WARNING * * *
You hit the jelly.
Your hands burn!
* * * LOW HITPOINT WARNING * * *
The jelly is almost dead.
The jelly hits you.
* * * LOW HITPOINT WARNING * * *
You are splashed with acid!
You die...

#.# #.#..# #.#
#..##.# #.#
#.###.# #.# #. #.#
+# #.###.###.#####
#.# #
#..<......##.. ..#
.. ##.##.##.###.#
..#.#
#.##.###.####....#
#..........@J....#
####.###.####.!..#
...# #.# ..#.#
##### #.# ..# ..
#.. ..# #
###############
#.# ......)....#
#.# ...........#
#.#
#########..####
#.#######


You could see a jelly.

Vanquished Creatures
  A phantom (D:3)
  A scorpion (D:4)
  3 hounds
  An adder (D:4)
  A shadow imp (D:3)
  2 worms (D:3)
  A dart slug (D:2)
  An orc (D:4)
  7 endoplasms
  4 giant cockroaches
  8 goblins
  7 hobgoblins
  5 quokkas
  7 ball pythons
  4 bats
  2 frilled lizards
  4 kobolds (D:2)
  9 rats
68 creatures vanquished.

Notes
Turn   | Place    | Note
-------+----------+-------------------------------------------
     0 | D:1      | Flugkiller the Draconian Berserker began the quest for the
                  | Orb.
     0 | D:1      | Reached XP level 1. HP: 19/19 MP: 1/1
   197 | D:1      | Reached XP level 2. HP: 24/26 MP: 2/2
   433 | D:1      | Found Joboq's Armour Emporium.
   474 | D:1      | Reached ** piety under Trog
   601 | D:1      | Reached XP level 3. HP: 33/33 MP: 3/3
  1478 | D:3      | Reached skill level 4 in Axes
  1478 | D:3      | Noticed a great orb of eyes
  1521 | D:3      | Reached XP level 4. HP: 21/40 MP: 4/4
  1696 | D:3      | Noticed a phantom
  1710 | D:3      | Killed a phantom
  1711 | D:3      | Reached XP level 5. HP: 17/46 MP: 5/5
  1838 | D:3      | Noticed a golden eye
  1844 | D:3      | Noticed a shining eye
  1846 | D:3      | Found a faded altar of an unknown god.
  1848 | D:3      | Noticed a great orb of eyes
  2207 | D:4      | Reached skill level 5 in Axes
  2553 | D:4      | Found a transporter.
  2556 | D:4      | Noticed Xavier147's ghost (amateur KoEn)
  2560 | D:4      | Found a transporter.
  2591 | D:4      | Reached XP level 6. HP: 47/53 MP: 6/6
  2759 | D:4      | Splashed by a jelly's acid

Illustrated notes

Levels and vault maps discovered:
D:1:      dpeg_arrival_shrine, layout_basic, serial_shops, shop
D:2:      layout_basic
D:3:      layout_loops_ring, hellmonk_ecumenical_altar_watching_god
D:4:      layout_loops_corners, gammafunk_ghost_mausoleum, uniq_duvessa

Skill      XL: |  1  2  3  4  5 |
---------------+----------------+-----
Dodging        | 3 |  3.8
Axes           | 4 5 |  5.4
Fighting       | 4 |  4.7

Action                     |  1- 3 |  4- 6 || total
---------------------------+-------+-------++-------
  Melee: Hand axe          |   130 |    35 ||   165
         Tailslap          |    11 |    10 ||    21
         Punch             |     1 |       ||     1
         War axe           |       |    36 ||    36
 Invoke: Berserk           |       |     3 ||     3
    Use: Scroll            |       |     2 ||     2
         Potion            |       |     1 ||     1
   Stab: Sleeping          |     1 |     1 ||     2
 Armour: Skin              |    67 |    47 ||   114
  Dodge: Dodged            |    90 |    42 ||   132

Table legend: (Time is in decaauts)
 A = Elapsed time spent in this place.
 B = Non-inter-level travel time spent in this place.
 C = Inter-level travel time spent in this place.
 D = Time resting spent in this place.
 E = Time spent auto-exploring this place.
 F = Levels seen in this place.
 G = Mean time per level.
                   A        B        C        D        E       F      G
               +--------+--------+--------+--------+--------+-----+--------+
         Total |   2804 |   2728 |     76 |    441 |   1775 |   4 |  701.0 |
       Dungeon |   2804 |   2728 |     76 |    441 |   1775 |   4 |  701.0 |
               +--------+--------+--------+--------+--------+-----+--------+

Top non-repeatable levels by time:
     D:1: 857 daAuts
     D:3: 781 daAuts
     D:4: 638 daAuts
     D:2: 527 daAuts
